 Dungeon Crawl Stone Soup version 0.28-a0-732-g75e6d9beac (webtiles) character file.

Game seed: 13760923256835932108

35 Colgate the Scratcher (level 3, 15/15 HPs)
             Began as a Felid Transmuter on Oct 29, 2021.
             Was a Follower of Uskayaw.
             Quit the game on level 3 of the Dungeon.
             The game lasted 00:08:44 (3121 turns).

Colgate the Scratcher (Felid Transmuter)            Turns: 3121, Time: 00:08:44

Health: 15/15      AC:  1    Str:  6    XL:     3   Next: 16%
Magic:  7/7        EV: 17    Int: 15    God:    Uskayaw [*.....]
Gold:   60         SH:  0    Dex: 16    Spells: 3/6 levels left
                                        Lives:  0   Deaths: 1

rFire   + . .      SeeInvis +     - Unarmed
rCold   . . .      Faith    .   (shield unavailable)
rNeg    . . .      Spirit   .   (armour unavailable)
rPois   .          Reflect  .   (helmet unavailable)
rElec   .          Harm     .   (cloak unavailable)
rCorr   .          Rampage  .   (gloves unavailable)
Will    .....                   (boots unavailable)
Stlth   +.........              (no amulet)
HPRegen 0.05/turn               g - ring of protection from fire
MPRegen 0.10/turn               (no ring)

@: quick
A: very small, claws 1, fangs 3, see invisible, speed 1, shaggy fur 1, stealthy
paws, no weapons or thrown items, no armour, multi-lived
a: Renounce Religion, Stomp


You were on level 3 of the Dungeon.
You worshipped Uskayaw.
Uskayaw was noncommittal.
You visited 1 branch of the dungeon, and saw 3 of its levels.

You collected 60 gold pieces.

Inventory:

Jewellery
 g - a ring of protection from fire (left paw)
Wands
 j - a wand of flame (24)
Scrolls
 f - a scroll of amnesia {unknown}
 i - a scroll of magic mapping {unknown}
Potions
 a - a potion of resistance
 b - a potion of berserk rage {unknown}
 c - a potion of magic
 e - a potion of curing {unknown}
 h - a potion of lignification {unknown}


   Skills:
 - Level 1.0 Fighting
 - Level 2.6 Dodging
 - Level 5.0 Unarmed Combat
 - Level 2.0 Spellcasting
 - Level 2.1 Transmutations
 + Level 0.4 Poison Magic


You had 3 spell levels left.
You knew the following spells:

 Your Spells              Type           Power      Damage    Failure   Level
a - Beastly Appendage     Tmut           16%        N/A       9%          1
b - Wereblood             Tmut           8%         N/A       14%         2

Your spell library contained the following spells:

 Spells                   Type           Power      Damage    Failure   Level
 Spider Form              Tmut/Pois      2%         N/A       36%         3
 Ozocubu's Armour         Ice            1%         N/A       54%         3
 Ice Form                 Ice/Tmut       4%         N/A       80%         4
 Metabolic Englaciation   Hex/Ice        0%         N/A       99%         5
 Simulacrum               Ice/Necr       0%         N/A       100%        6


Dungeon Overview and Level Annotations

Branches:
Dungeon (3/15)

Altars:
Uskayaw


Innate Abilities, Weirdness & Mutations

You have sharp claws.
You have razor-sharp teeth.
You have supernaturally acute eyesight. (SInv)
You cover ground quickly. (Speed+)
You are covered in fur. (AC +1)
Your paws help you pounce on unaware monsters.
You are incapable of wielding weapons or throwing items.
You cannot wear armour.
You gain extra lives every three experience levels.


Message History

You miss the adder. The adder bites you.
You are poisoned.
The adder poisons you!
You miss the adder. You headbutt the adder.
The adder is lightly wounded.
You feel sick. The adder barely misses you.
You barely miss the adder.
The adder is lightly wounded.
You feel sick. The adder barely misses you.
You claw the adder!
The adder is almost dead.
You feel sick. The adder barely misses you.
You closely miss the adder.
You headbutt the adder, but do no damage.
The adder is severely wounded.
You feel sick. The adder bites you.
You are too injured to fight recklessly!
You feel sick. The adder bites you.
* * * LOW HITPOINT WARNING * * *
You are lethally poisoned!
The adder poisons you!
* * * LOW HITPOINT WARNING * * *
You feel sick.
* * * LOW HITPOINT WARNING * * *
You feel sick.
* * * LOW HITPOINT WARNING * * *
You feel sick.
Your horns disappear.
* * * LOW HITPOINT WARNING * * *
You feel sick.
You die...
You feel sick.
You are now level 3!
You rejoin the land of the living...
Found a fizzy red potion.
A rat comes into view.
Unknown command.
Unknown command.
Unknown command.
Are you sure you want to abandon this character and quit the game? (Confirm with "yes".)

.. ## #. .!#.
.#. .. .#####.
.......#####.#
#@....r#
#.##.#.# ..#
#.###### ####
...#......#
#.......#.#
#.......#.#
#.......#.#
#.......#S####
#########.†..#


You could see a rat (asleep).

Vanquished Creatures
  2 adders (D:2)
  2 worms (D:2)
  2 dart slugs
  An orc (D:3)
  7 endoplasms
  4 goblins
  5 hobgoblins
  4 jackals (D:3)
  A quokka (D:2)
  6 ball pythons
  3 bats
  4 frilled lizards
  3 kobolds (D:1)
  3 rats
47 creatures vanquished.

Notes
Turn   | Place    | Note
-------+----------+-------------------------------------------
     0 | D:1      | Colgate the Felid Transmuter began the quest for the Orb.
     0 | D:1      | Reached XP level 1. HP: 9/9 MP: 4/4
   117 | D:1      | Found a faded altar of an unknown god.
   121 | D:1      | Prayed at the altar of an unknown god.
   121 | D:1      | Became a worshipper of Uskayaw the Reveller
   121 | D:1      | Reached * piety under Uskayaw
   497 | D:1      | Reached XP level 2. HP: 12/12 MP: 3/6
   690 | D:1      | Reached ** piety under Uskayaw
  1186 | D:1      | Reached skill level 4 in Unarmed Combat
  1241 | D:1      | Learned a level 2 spell: Wereblood
  1592 | D:2      | Reached XP level 3. HP: 15/15 MP: 5/7
  2701 | D:3      | Reached XP level 4. HP: 17/19 MP: 4/8
  2715 | D:3      | Reached skill level 5 in Unarmed Combat
  3120 | D:3      | Succumbed to an adder's poison
  3121 | D:3      | Reached XP level 3. HP: 0/15 MP: 7/7
  3121 | D:3      | Quit the game

Illustrated notes

Levels and vault maps discovered:
D:1:      lightli_arrival_noodles, layout_loops_corners,
          hellmonk_ecumenical_altar_heavens_door
D:2:      layout_loops_cross
D:3:      layout_basic

Skill      XL: |  1  2  3  4 |
---------------+-------------+-----
Unarmed Combat | 4 5 |  5.0
Fighting       | |  1.0
Dodging        | |  2.6
Spellcasting   | |  2.0
Transmutations | |  2.1
Poison Magic   | |  0.4

Action                   |  1- 3 |  4- 6 || total
-------------------------+-------+-------++-------
Melee: Unarmed           |    99 |    31 ||   130
       Bite              |     5 |     1 ||     6
       Headbutt          |    11 |     6 ||    17
       Punch             |     1 |     1 ||     2
 Cast: Beastly Appendage |    32 |     5 ||    37
       Wereblood         |       |     1 ||     1
  Use: Scroll            |     2 |       ||     2
 Stab: Sleeping          |     1 |       ||     1
Armor: Skin              |     3 |     3 ||     6
Dodge: Dodged            |    56 |    19 ||    75

Table legend: (Time is in decaauts)
 A = Elapsed time spent in this place.
 B = Non-inter-level travel time spent in this place.
 C = Inter-level travel time spent in this place.
 D = Time resting spent in this place.
 E = Time spent auto-exploring this place.
 F = Levels seen in this place.
 G = Mean time per level.
                   A        B        C        D        E       F      G
               +--------+--------+--------+--------+--------+-----+--------+
         Total |   2776 |   2648 |    128 |      0 |   2296 |   3 |  925.3 |
       Dungeon |   2776 |   2648 |    128 |      0 |   2296 |   3 |  925.3 |
               +--------+--------+--------+--------+--------+-----+--------+

Top non-repeatable levels by time:
     D:1: 1432 daAuts
     D:2: 716 daAuts
     D:3: 628 daAuts
